AoeStats
← KootH.

African Clearing

504138620Analyzed
4v4 RM · 29d ago on Sep 4, 2026· 36m 53s· 8 players
Game mode
Random Map
Map size
Large (8 player)
Population
200
Speed
Normal
Resources
Standard
Victory
Conquest
Starting age
Dark Age
Ending age
Imperial Age
RankedLock teamsTeams togetherTeam positionsShared explorationLock speedFull tech treeHidden civsTurbo modeCheats
Victory
Defeat
🇨🇴 Magyars · Colombia
1524
+12
🇨🇱 Khmer · Chile
1520
+13
🇨🇴 Tatars · Colombia
1514
+13
🇦🇷 Spanish · Argentina
1503
+13
🇦🇷 Dravidians · Argentina
1482
-14
🇳🇴 Wu · Norway
1471
-15
🇦🇷 Mongols · Argentina
1410
-11
🇦🇷 Sicilians · Argentina
1409
-11
Cannoli
12:58 Feudal Age
17:21 Castle Age
18:00 Double-Bit Axe
17:55 Horse Collar
18:53 Bow Saw
19:04 Loom
21:00 Horse Collar
26:18 Wheelbarrow
25:28 Town Watch
28:28 Padded Archer Armor
29:30 Gold Mining
29:51 Town Watch
31:09 Hand Cart
32:04 Heavy Plow
32:48 Stone Mining
36:28 Imperial Age
34:55 Scale Barding Armor
35:11 Forging
36:58 Bloodlines
36:48 Husbandry
37:38 Chain Barding Armor
37:20 Husbandry
36:48 Cavalier
happix
10:11 Loom
13:01 Feudal Age
15:43 Castle Age
23:19 Horse Collar
25:00 Double-Bit Axe
hK | Santo
11:11 Loom
15:08 Feudal Age
19:14 Castle Age
16:58 Man-at-Arms
27:41 Fletching
32:00 Double-Bit Axe
35:40 Wheelbarrow
35:06 Bodkin Arrow
38:00 Wheelbarrow
KootH.
5:19 Loom
14:08 Feudal Age
15:09 Double-Bit Axe
22:36 Castle Age
22:34 Fletching
22:55 Bloodlines
23:46 Bow Saw
23:58 Bodkin Arrow
28:52 Husbandry
34:42 Thumb Ring
PNAL | LocoPapa
11:39 Feudal Age
9:56 Loom
13:00 Double-Bit Axe
15:09 Forging
22:02 Castle Age
20:57 Scale Barding Armor
21:06 Bloodlines
21:07 Gold Mining
27:13 Chain Barding Armor
30:26 Husbandry
PNAL I Ghost
9:03 Loom
12:01 Feudal Age
16:35 Castle Age
14:23 Double-Bit Axe
18:34 Bow Saw
20:02 Fletching
21:40 Bodkin Arrow
21:36 Elite Skirmisher
23:59 Padded Archer Armor
26:37 Ballistics
35:22 Town Watch
PNAL | ale_petro
4:04 Loom
13:51 Feudal Age
15:02 Double-Bit Axe
PNAL | Machete
12:45 Loom
15:17 Feudal Age
18:59 Castle Age
16:58 Gold Mining
23:15 Squires
25:38 Sanctity
27:39 Wheelbarrow
28:36 Redemption
29:28 Fletching
Connection lost

Rejoining the realm…

Still unreachable

The connection could not be restored.

Session expired

The server has moved on; the page needs a fresh start.